 Dungeon Crawl Stone Soup version 0.26.1-2-gb8aa6d0cf2 (webtiles) character file.

Game seed: 10133728565605056838

4734 Gadfly the Nimble (level 10, -27/56 HPs)
             Began as a Deep Elf Fire Elementalist on Feb 19, 2021.
             Was a Believer of Vehumet.
             Annihilated by a shadow (32 damage)
             ... on level 10 of the Dungeon.
             The game lasted 00:30:12 (12230 turns).

Gadfly the Nimble (Deep Elf Fire Elementalist)     Turns: 12230, Time: 00:30:13

Health: -27/56     AC:  5    Str:  4    XL:     10   Next: 22%
Magic:  22/22      EV: 18    Int: 28    God:    Vehumet [**....]
Gold:   898        SH:  0    Dex: 15    Spells: 9/23 levels left

rFire    + . .     SeeInvis .   a - +4 whip of Poleaphoebu {vorpal, rElec Will- Str+3 Int+4}
rCold    x . .     Faith    +   (no shield)
rNeg     . . .     Spirit   .   u - +1 robe
rPois    .         Reflect  .   k - +0 helmet
rElec    +         Harm     .   C - +0 cloak
rCorr    .         Rampage  .   (no gloves)
Will     +....                  (no boots)
Stlth    ++........             v - amulet of faith
HPRegen  0.18/turn              d - ring of fire
MPRegen  0.18/turn              r - ring of willpower

@: no status effects
A: electricity resistance, weak 2, evolution 1
a: Renounce Religion


You were on level 10 of the Dungeon.
You worshipped Vehumet.
Vehumet was pleased with you.
You visited 2 branches of the dungeon, and saw 11 of its levels.
You also visited: Ossuary.

You collected 898 gold pieces.

Inventory:

Hand Weapons
 a - the +4 whip of Poleaphoebu (weapon) {vorpal, rElec Will- Str+3 Int+4}
   (You found it on level 6 of the Dungeon)

   It inflicts extra damage upon your enemies.
   It affects your strength (+3).
   It affects your intelligence (+4).
   It insulates you from electricity.
   It affects your willpower, your defense against some magical effects.
 b - a +1 mace of protection
 F - a +2 scimitar of flaming
Missiles
 w - 93 stones
Armour
 k - a +0 helmet (worn)
 u - a +1 robe (worn)
 C - a +0 cloak (worn)
Jewellery
 c - an uncursed amulet of magic regeneration
 d - a ring of fire (left hand)
 r - a ring of willpower (right hand)
 v - an amulet of faith (around neck)
 y - an uncursed amulet of guardian spirit {unknown}
 D - the ring of Ixew {rC+ rN+ Str+6 Int-5 Dex+3}
   (You took it off an orc on level 6 of the Dungeon)

   [ring of strength]

   It affects your strength (+6).
   It affects your intelligence (-5).
   It affects your dexterity (+3).
   It protects you from cold.
   It protects you from negative energy.
Wands
 h - a wand of polymorph (14)
 s - a wand of iceblast (9)
 t - a wand of paralysis (8)
 z - a wand of random effects (15)
 E - a wand of digging (3)
Scrolls
 e - 7 scrolls of enchant weapon
 f - 2 scrolls of enchant armour
 i - 6 scrolls of remove curse
 l - a scroll of teleportation
 m - 2 scrolls of fog
 G - a scroll of vulnerability {unknown}
 H - a scroll of acquirement {unknown}
Potions
 g - 4 potions of curing
 j - 2 potions of might
 n - 3 potions of berserk rage
 o - 3 potions of haste
 p - 4 potions of lignification
 q - 5 potions of flight
 x - 2 potions of heal wounds
 A - a potion of resistance


   Skills:
 + Level 3.8 Fighting
 * Level 8.5 Dodging
 - Level 2.4 Stealth
 + Level 7.1 Spellcasting
 * Level 7.3 Conjurations
 * Level 6.8 Fire Magic
 * Level 7.3 Earth Magic
 * Level 7.3 Evocations


You had 9 spell levels left.
You knew the following spells:

 Your Spells              Type           Power        Failure   Level
a - Foxfire               Conj/Fire      100%         1%          1
b - Conjure Flame         Conj/Fire      65%          1%          3
c - Sticky Flame          Conj/Fire      65%          3%          4
d - Fireball              Conj/Fire      32%          9%          5
e - Sandblast             Erth           100%         1%          1

Your spell library contained the following spells:

 Spells                   Type           Power        Failure   Level
 Inner Flame              Hex/Fire       43%          4%          3
 Beastly Appendage        Tmut           18%          5%          1
 Wereblood                Tmut           9%           9%          2
 Spider Form              Tmut/Pois      4%           16%         3
 Ice Form                 Ice/Tmut       9%           47%         4
 Blade Hands              Tmut           4%           83%         5


Dungeon Overview and Level Annotations

Branches:
Dungeon (10/15)            Temple (1/1) D:6            Lair (0/6) D:9
    Orc (0/2) D:9         Ossuary (visited)

Altars:
Ashenzari
Cheibriados
Dithmenos
Elyvilon
Fedhas
Gozag
Hepliaklqana
Kikubaaqudgha
Makhleb
Nemelex Xobeh
Okawaru
Qazlal
Ru
Sif Muna
Trog
Uskayaw
Vehumet
Wu Jian
Xom
Yredelemnul
Zin
The Shining One


Innate Abilities, Weirdness & Mutations

You are resistant to electric shocks. (rElec)
You are very weak. (Str -4)
You evolve.


Message History

(D) Dungeon (T) Temple (L) Lair (O) Orcish Mines
Where to? (Enter - D:10, ? - help)
There is a stone staircase leading down here.
An iguana comes into view.
You are too injured to fight recklessly!
The iguana hisses angrily.
As you read the scroll of teleportation, it crumbles to dust.
You feel strangely unstable.
Your surroundings suddenly seem different.
Found a stone staircase leading up.
A two-headed ogre and a shadow come into view.
Unknown command.
The two-headed ogre shouts in stereo!
The two-headed ogre moves out of view.
The shadow slips into darkness.
The shadow flickers and vanishes!
Deactivating autopickup; reactivate with Ctrl-A.
The shadow strikes at you from the darkness!
Ouch! That really hurt!
You die...

##########
##...#....#
##..⌠......#
#..........#
#...<......#
#..........#
#⌠..@⌠....#
##.{......#
#........#
##.......#
#.......#
##......#
#.O....##
#......#
.....8.##


You could see a two-headed ogre.

Vanquished Creatures
  An oklob plant (D:4)
  Maggie (D:9)
  A troll (D:9)
  Prince Ribbit (D:9)
  Sigmund (D:5)
  Duvessa (D:4)
  A sky beast (D:6)
  An orc warrior (D:8)
  An ice beast (D:8)
  A black bear (D:10)
  3 centaurs
  A phantom (D:8)
  A wolf (D:9)
  An ogre (D:7)
  An elf zombie (D:4)
  A big kobold (D:9)
  7 bullfrogs
  5 elf skeletons (D:4)
  Dowan (D:4)
  2 scorpions
  A water moccasin skeleton (D:10)
  4 wights (D:10)
  A howler monkey (D:4)
  An electric eel (D:9)
  A centaur skeleton (D:9)
  7 hounds
  4 orc priests
  A jelly (D:5)
  3 orc wizards
  A human skeleton (D:4)
  Ijyb (D:4)
  4 iguanas
  6 worker ants
  A hound zombie (D:8)
  8 mummies (Ossuary)
  3 gnolls (D:8)
  10 adders
  3 shadow imps
  An ooze (D:2)
  An adder zombie (D:5)
  3 worms (D:3)
  2 dart slugs
  3 leopard geckos
  22 orcs
  5 ball pythons
  8 bats
  6 giant cockroaches
  A gnoll zombie (Ossuary)
  8 hobgoblins
  7 jackals
  A quokka (D:4)
  6 frilled lizards
  A giant cockroach zombie (D:5)
  7 goblins
  2 hobgoblin zombies (Ossuary)
  A jackal skeleton (D:4)
  9 kobolds
  2 kobold zombies (Ossuary)
  4 orc skeletons (D:4)
  3 orc zombies (Ossuary)
  A quokka skeleton (D:6)
  A quokka zombie (D:4)
  3 rats
201 creatures vanquished.

Vanquished Creatures (collateral kills)
  51 foxfires (D:4)
51 creatures vanquished.

Vanquished Creatures (others)
  917 foxfires
  2 fungi (D:4)
  6 plants (D:4)
  11 toadstools (D:4)
936 creatures vanquished.

Grand Total: 1188 creatures vanquished

Notes
Turn   | Place    | Note
-------+----------+-------------------------------------------
     0 | D:1      | Gadfly the Deep Elf Fire Elementalist began the quest for
                  | the Orb.
     0 | D:1      | Reached XP level 1. HP: 10/10 MP: 6/6
   556 | D:1      | Reached XP level 2. HP: 15/15 MP: 8/8
  1526 | D:2      | Reached skill level 3 in Dodging
  1526 | D:2      | Reached skill level 1 in Evocations
  1526 | D:2      | Reached XP level 3. HP: 20/20 MP: 6/9
  1530 | D:2      | Learned a level 3 spell: Conjure Flame
  1992 | D:2      | Reached skill level 1 in Earth Magic
  2060 | D:2      | Reached skill level 6 in Dodging
  2060 | D:2      | Reached skill level 5 in Spellcasting
  2060 | D:2      | Reached skill level 5 in Conjurations
  2060 | D:2      | Reached XP level 4. HP: 27/27 MP: 10/13
  2066 | D:2      | Learned a level 4 spell: Sticky Flame
  2635 | D:3      | Found a hazy altar of Hepliaklqana.
  2861 | D:3      | Reached XP level 5. HP: 22/31 MP: 14/14
  3644 | D:3      | Learned a level 5 spell: Fireball
  3666 | D:3      | Reached skill level 5 in Evocations
  3882 | D:4      | Reached skill level 5 in Earth Magic
  3999 | D:4      | Reached skill level 5 in Fire Magic
  3999 | D:4      | Reached XP level 6. HP: 6/36 MP: 12/16
  4125 | D:4      | Found a sand-covered staircase.
  4174 | Ossuary  | Entered an ossuary
  4437 | Ossuary  | Reached XP level 7. HP: 40/40 MP: 13/17
  4639 | Ossuary  | Gained mutation: You have a somewhat thin skeletal
                  | structure. (Dex +2, Stealth) [potion of mutation]
  4639 | Ossuary  | Gained mutation: You are agile. (Dex +2) [potion of
                  | mutation]
  4639 | Ossuary  | Gained mutation: You expend magic power (3 MP) to
                  | strengthen your wands. [potion of mutation]
  4943 | D:4      | Noticed Ijyb
  4949 | D:4      | Killed Ijyb
  5014 | D:4      | Found a sacrificial altar of Ru.
  5057 | D:4      | Noticed Dowan
  5058 | D:4      | Noticed Duvessa
  5066 | D:4      | Killed Dowan
  5127 | D:4      | Killed Duvessa
  5401 | D:4      | Reached XP level 8. HP: 45/45 MP: 14/18
  5502 | D:4      | Found a blossoming altar of Fedhas.
  5516 | D:4      | Noticed an oklob plant
  5637 | D:4      | Killed an oklob plant
  5638 | D:4      | Reached skill level 7 in Dodging
  6451 | D:5      | Entered Level 5 of the Dungeon
  6726 | D:5      | Noticed Sigmund
  6929 | D:5      | Found a shadowy altar of Dithmenos.
  7488 | D:5      | Found a sacrificial altar of Ru.
  7496 | D:5      | Killed Sigmund
  7506 | D:5      | Found a basalt altar of Yredelemnul.
  8181 | D:6      | Reached XP level 9. HP: 51/51 MP: 12/20
  8236 | D:6      | Found a staircase to the Ecumenical Temple.
  8236 | D:6      | Identified the +1 trident of Inquiry {flame, *Drain rF+
                  | Will+ Str+9}
  8236 | D:6      | Identified the ring of Ixew {rC+ rN+ Str+6 Int-5 Dex+3}
  8247 | D:6      | Got a steaming whip
  8253 | Temple   | Entered the Ecumenical Temple
  8381 | Temple   | Became a worshipper of Vehumet
  8416 | D:6      | Identified the +4 whip of Poleaphoebu {vorpal, rElec Will-
                  | Str+3 Int+4} (You found it on level 6 of the Dungeon)
  8840 | D:6      | Lost mutation: You are agile. (Dex +2) [potion of mutation]
  8840 | D:6      | Lost mutation: You have a somewhat thin skeletal structure.
                  | (Dex +2, Stealth) [potion of mutation]
  8840 | D:6      | Lost mutation: You expend magic power (3 MP) to strengthen
                  | your wands. [potion of mutation]
  8840 | D:6      | Gained mutation: You are strong-willed. (Will+) [potion of
                  | mutation]
  8840 | D:6      | Gained mutation: You do not regenerate when monsters are
                  | visible. [potion of mutation]
  8840 | D:6      | Gained mutation: Your spells are a little harder to cast,
                  | but a little more powerful. [potion of mutation]
  8841 | D:6      | Lost mutation: Your spells are a little harder to cast, but
                  | a little more powerful. [potion of mutation]
  8841 | D:6      | Lost mutation: You are strong-willed. (Will+) [potion of
                  | mutation]
  8841 | D:6      | Lost mutation: You do not regenerate when monsters are
                  | visible. [potion of mutation]
  8841 | D:6      | Gained mutation: You are resistant to electric shocks.
                  | (rElec) [potion of mutation]
  8841 | D:6      | Gained mutation: You are weak. (Str -2) [potion of
                  | mutation]
  8841 | D:6      | Gained mutation: You are very weak. (Str -4) [potion of
                  | mutation]
  8841 | D:6      | Gained mutation: You evolve. [potion of mutation]
  9082 | D:7      | You fall into a shaft and drop 1 floor!
  9920 | D:8      | Reached * piety under Vehumet
  9920 | D:8      | Offered knowledge of Freeze by Vehumet.
 10389 | D:8      | Found a white marble altar of Elyvilon.
 10531 | D:8      | Reached skill level 8 in Dodging
 10728 | D:9      | Noticed a troll
 10741 | D:9      | Killed a troll
 11004 | D:9      | Found a staircase to the Lair.
 11033 | D:9      | Offered knowledge of Sandblast by Vehumet.
 11039 | D:9      | Reached ** piety under Vehumet
 11043 | D:9      | Learned a level 1 spell: Sandblast
 11231 | D:9      | Found a glowing golden altar of the Shining One.
 11368 | D:9      | Found a staircase to the Orcish Mines.
 11375 | D:9      | Noticed Maggie
 11388 | D:9      | Killed Maggie
 11389 | D:9      | Reached XP level 10. HP: 48/56 MP: 11/22
 11488 | D:9      | Found a hide-covered altar of Uskayaw.
 11714 | D:9      | Noticed Prince Ribbit
 11720 | D:9      | Killed Prince Ribbit
 11874 | D:10     | Entered Level 10 of the Dungeon
 12023 | D:10     | Found a white marble altar of Elyvilon.
 12208 | D:10     | Noticed a boulder beetle
 12212 | D:10     | HP: 2/56 [boulder beetle (31)]
 12226 | D:10     | Noticed a two-headed ogre
 12230 | D:10     | Annihilated by a shadow

Illustrated notes

Levels and vault maps discovered:
D:1:      dpeg_arrival_court, layout_basic, hangedman_glass_teeth
D:2:      layout_basic
D:3:      layout_loops_cross, lemuel_coloured_pillars_altar
D:4:      layout_cave_pods, tgw_fedhas, nicolae_ossuary_entry_catacombs,
          nicolae_ru_great_annihilating_truth, uniq_ijyb, uniq_duvessa
D:5:      layout_basic, grunt_temple_overflow_open,
          nicolae_dithmenos_shadow_blocks, uniq_sigmund
D:6:      layout_loops_ring, minmay_temple_entry_slanted
D:7:      layout_rooms
D:8:      layout_loops_ring, kennysheep_little_box
D:9:      layout_irregular_city, lemuel_crystal_altar, erik_lair_island,
          orc_0_dummy, basic_altar, uniq_maggie, uniq_prince_ribbit1
D:10:     layout_cave_pods, serial_column_ruins, column_ruins_hut,
          column_ruins_circle_medium, column_ruins_grid_1,
          column_ruins_columns_dead_end, column_ruins_open_tiny,
          grunt_ministairs_1, elyvilon_altar_1
Temple:   lightli_temple_of_artemis

Skill      XL: |  1  2  3  4  5  6  7  8  9 10 |
---------------+-------------------------------+-----
Dodging        | 3 6 7 8 |  8.5
Evocations     | 1 4 5 6 7 |  7.3
Earth Magic    | 4 5 6 7 |  7.3
Fighting       | 2 3 |  3.8
Spellcasting   | 5 6 7 |  7.1
Conjurations   | 5 6 7 |  7.3
Fire Magic     | 4 5 6 |  6.8
Stealth        | |  2.4

Action                   |  1- 3 |  4- 6 |  7- 9 | 10-12 || total
-------------------------+-------+-------+-------+-------++-------
Melee: Dagger            |    11 |       |    79 |       ||    90
       Short sword       |    20 |    81 |     9 |       ||   110
       Unarmed           |       |       |     2 |       ||     2
       Whip              |       |       |    55 |    14 ||    69
 Cast: Foxfire           |    74 |   107 |   373 |    50 ||   604
       Sticky Flame      |       |     5 |     7 |     1 ||    13
       Fireball          |       |       |     3 |       ||     3
  Use: Scroll            |     9 |     3 |     8 |     2 ||    22
       Potion            |     1 |     2 |     7 |       ||    10
 Stab: Sleeping          |     2 |     4 |     3 |       ||     9
Armor: Robe              |    10 |    22 |    40 |     1 ||    73
Dodge: Dodged            |    18 |    72 |   220 |    17 ||   327
